 Dungeon Crawl Stone Soup version 0.26-a0-665-gefeb406119 (webtiles) character file.

Game seed: 10497338972029151740

42405 Demosthentine the Protected (level 14, -10/115 HPs)
             Began as a Formicid Fighter on Oct 15, 2020.
             Was a High Priest of Cheibriados.
             Killed from afar by a deep elf mage (31 damage)
             ... with a bolt of lightning
             ... on level 15 of the Dungeon.
             The game lasted 00:20:00 (14179 turns).

Demosthentine the Protected (Formicid Fighter)     Turns: 14179, Time: 00:20:00

Health: -10/115    AC: 15    Str: 35    XL:     14   Next: 55%
Magic:  21/21      EV: 21    Int: 22    God:    Cheibriados [*****.]
Gold:   872        SH: 15    Dex: 29    Spells: 13/13 levels left

rFire    . . .     SeeInvis +   N - +5 war axe
rCold    . . .     Faith    .   c - +0 kite shield
rNeg     . . .     Spirit   .   b - +0 scale mail
rPois    .         Reflect  .   (helmet unavailable)
rElec    .         Harm     .   u - scarf {repulsion}
rCorr    +         Rampage  .   t - +1 pair of gloves
MR       +....                  L - +1 pair of boots {Fly}
Stlth    +.........             s - amulet of regeneration
HPRegen  0.69/turn              m - +6 ring of dexterity
MPRegen  0.17/turn              D - ring of resist corrosion

@: lethally poisoned (-10 -> -10), studying Armour, repel missiles, very slow
A: permanent stasis, dig shafts and tunnels, four strong arms, antennae 3
a: Dig, Shaft Self, Bend Time, Temporal Distortion, Slouch, Step From Time,
Renounce Religion, Evoke Flight


You were on level 15 of the Dungeon.
You worshipped Cheibriados.
Cheibriados was extremely pleased with you.
You visited 2 branches of the dungeon, and saw 16 of its levels.

You collected 1280 gold pieces.
You spent 408 gold pieces at shops.

Inventory:

Hand Weapons
 N - a +5 war axe (weapon)
Missiles
 i - 6 atropa-tipped darts
 j - 3 throwing nets
 p - 24 boomerangs (quivered)
 y - 62 poisoned darts
 z - 2 silver boomerangs
 O - 5 javelins
Armour
 b - a +0 scale mail (worn)
 c - a +0 kite shield (worn)
 t - a +1 pair of gloves (worn)
 u - a scarf of repulsion (worn)
 F - a +0 cloak
 L - a +1 pair of boots of flying (worn)
Jewellery
 l - the ring "Muonax" {rF+ rC++ Str-5 Int+6 SInv, unknown}
   (You found it on level 15 of the Dungeon)

   [ring of intelligence]

   It affects your strength (-5).
   It affects your intelligence (+6).
   It protects you from fire.
   It greatly protects you from cold.
   It lets you see invisible.
 m - a +6 ring of dexterity (left hand)
 s - an amulet of regeneration (around neck)
 D - a ring of resist corrosion (right hand)
Wands
 q - a wand of acid (16)
 B - a wand of polymorph (18)
 G - a wand of digging (3)
 H - a wand of iceblast (10)
Scrolls
 f - 7 scrolls of remove curse
 h - 5 scrolls of fog
 r - 3 scrolls of enchant armour
 v - a scroll of immolation
 w - 2 scrolls of amnesia
 A - 2 scrolls of magic mapping
 I - 8 scrolls of identify
Potions
 a - 5 potions of mutation
 d - 2 potions of might
 e - 4 potions of brilliance
 g - 3 potions of curing
 k - 2 potions of ambrosia
 n - 2 potions of degeneration {unknown}
 o - 3 potions of stabbing
 C - a potion of cancellation
 E - 2 potions of flight
 K - 3 potions of lignification
Books
 J - a manual of Armour


   Skills:
 + Level 12.1 Fighting
 + Level 11.2 Axes
 + Level 14.5 Armour
 + Level 10.1 Dodging
 - Level 9.0 Shields
 + Level 10.2 Invocations


You had 13 spell levels left.
You didn't know any spells.
Your spell library contained the following spells:

 Spells                   Type           Power        Failure   Level
 Beastly Appendage        Tmut           #.....       26%         1
 Magic Dart               Conj           #...         26%         1
 Searing Ray              Conj           #.....       36%         2
 Confusing Touch          Hex            #.......     61%         3
 Dazzling Flash           Conj/Hex       #.....       61%         3
 Gell's Gravitas          Tloc           #.........   61%         3
 Stone Arrow              Conj/Erth      #.....       61%         3
 Fulminant Prism          Conj/Hex       #.........   95%         4
 Ice Form                 Ice/Tmut       #.......     95%         4
 Iskenderun's Mystic Bla  Conj/Tloc      #.......     95%         4
 Petrify                  Tmut/Erth      #.......     95%         4
 Metabolic Englaciation   Hex/Ice        #.........   100%        5
 Yara's Violent Unravell  Hex/Tmut       #.........   100%        5
 Freezing Cloud           Conj/Ice/Air   #.........   100%        6
 Hydra Form               Tmut           #.........   100%        6
 Iron Shot                Conj/Erth      #.........   100%        6
 Ozocubu's Refrigeration  Ice            #.........   100%        6
 Simulacrum               Ice/Necr       #.........   100%        6


Dungeon Overview and Level Annotations

Branches:
Dungeon (15/15)            Temple (1/1) D:4            Lair (0/6) D:8
    Orc (0/2) D:10         Vaults (0/5) D:14
 Depths: D:15

Altars:
Ashenzari
Cheibriados
Dithmenos
Elyvilon
Fedhas
Gozag
Hepliaklqana
Kikubaaqudgha
Makhleb
Nemelex Xobeh
Okawaru
Qazlal
Ru
Sif Muna
Trog
Uskayaw
Vehumet
Wu Jian
Xom
Yredelemnul
Zin
The Shining One
Beogh

Shops:
D:6 !

Portals:
Abyss: D:8
Trove: D:13 (give +6 demon whip)

Annotations:
D:8 2 transporters, grandjackal's ghost, novice DsGl


Innate Abilities, Weirdness & Mutations

You cannot be hasted, slowed, berserked, paralysed or teleported.
You can dig through walls and to a lower floor.
Your four strong arms can wield two-handed weapons with a shield.
You have a pair of large antennae on your head. (SInv)


Message History

You kill the bullfrog!
Cheibriados thoroughly appreciates the change of pace.
You feel sick.
Unknown command.
The deep elf mage gestures at you while chanting.
The bolt of lightning misses you.
Things that are here:
a bullfrog corpse; an ugly thing corpse Unknown command.
You slash the deep elf mage!
The deep elf mage is almost dead.
You feel sick.
The deep elf mage points at you and mumbles some strange words.
The bolt of lightning hits you!
* * * LOW HITPOINT WARNING * * *
Your scale mail prevents you from hitting the deep elf mage.
The deep elf mage is almost dead.
The deep elf mage points at you and mumbles some strange words.
The bolt of lightning hits you!!
You die...

...#####..(...#########
#.......#.(....#........
#.......#.(.(..#........
...........)((..........
..........)))(.)#...
#............##.......
#..........#)#.......
#.##.†....##.#........
#.#@†..#.##..)......
#.#e#..#.#.#.........
.#.##..##.#.....##...
..# ....##......# ...
... ........... ....
.......... ... #....##..
... ..## #.


You could see a deep elf mage.

Vanquished Creatures
  A hydra (D:11)
  2 vault guards (D:14)
  Harold (D:10)
  3 boulder beetles
  9 centaur warriors
  A two-headed ogre (D:11)
  A queen ant (shapeshifter) (D:15)
  2 tengu warriors (D:13)
  A dancing weapon (D:15)
  Urug (D:13)
  A fire crab (D:15)
  2 wizards
  An unseen horror (D:15)
  A wolf spider (D:15)
  3 cyclopes
  7 ugly things
  4 manticores
  2 deep elf magi
  Maurice (D:8)
  Joseph (D:9)
  A gargoyle (D:9)
  Maggie (D:8)
  An efreet (D:13)
  A komodo dragon (D:15)
  2 polar bears (D:10)
  5 trolls
  A hornet (D:12)
  A meliai zombie (D:13)
  A centaur simulacrum (D:15)
  12 yaks
  A shadow (D:13)
  A wyvern (D:11)
  A wraith (D:8)
  10 humans (D:14)
  A basilisk (D:15)
  3 vampire mosquitoes (D:13)
  A soldier ant (D:12)
  3 acid dragons
  5 ice beasts
  3 sky beasts
  16 orc warriors
  2 black bears
  A necrophage (D:12)
  An eye of draining (D:8)
  An eye of draining (shapeshifter) (D:15)
  12 ogres
  12 centaurs
  5 big kobolds
  9 bullfrogs
  A water moccasin zombie (D:8)
  20 killer bees
  5 scorpions
  9 wights
  6 howler monkeys
  An electric eel (D:10)
  2 quasits
  2 bullfrog zombies
  6 centaur zombies
  5 hounds
  6 orc priests
  4 bullfrog skeletons
  5 jellies
  6 centaur skeletons
  6 worker ants
  5 iguanas
  15 orc wizards
  A killer bee zombie (D:10)
  A hound zombie (D:11)
  A worker ant zombie (D:5)
  11 gnolls
  16 adders
  2 shadow imps
  4 white imps
  An ufetubus (D:6)
  2 oozes (D:2)
  An adder skeleton (D:8)
  7 worms
  2 dart slugs
  5 leopard geckos
  78 orcs
  6 bats
  7 giant cockroaches
  4 goblins (D:1)
  6 hobgoblins
  18 jackals
  37 kobolds
  3 quokkas
  A ball python (D:2)
  5 frilled lizards
  A quokka skeleton (D:6)
  A quokka zombie (D:8)
  10 rats
494 creatures vanquished.

Notes
Turn   | Place    | Note
-------+----------+-------------------------------------------
     0 | D:1      | Demosthentine the Formicid Fighter began the quest for the
                  | Orb.
     0 | D:1      | Reached XP level 1. HP: 18/18 MP: 1/1
   303 | D:1      | Reached XP level 2. HP: 24/24 MP: 2/2
   583 | D:1      | Reached XP level 3. HP: 27/29 MP: 3/3
  1047 | D:2      | Reached skill level 1 in Dodging
  1162 | D:2      | Reached XP level 4. HP: 37/37 MP: 4/4
  1236 | D:2      | Found a sparkling altar of Nemelex Xobeh.
  1446 | D:2      | Found a shadowy altar of Dithmenos.
  1586 | D:2      | Found a shimmering altar of Xom.
  1587 | D:2      | Found a hazy altar of Hepliaklqana.
  1588 | D:2      | Noticed a spectral ugly thing
  1630 | D:2      | Reached XP level 5. HP: 35/42 MP: 5/5
  1940 | D:3      | Reached skill level 4 in Armour
  2505 | D:3      | Reached XP level 6. HP: 21/48 MP: 6/6
  3372 | D:4      | Found a staircase to the Ecumenical Temple.
  3381 | Temple   | Entered the Ecumenical Temple
  3441 | Temple   | Became a worshipper of Cheibriados the Contemplative
  3558 | D:4      | Noticed an ogre
  3565 | D:4      | Killed an ogre
  3644 | D:4      | Reached skill level 5 in Shields
  3682 | D:4      | Noticed an ogre
  3689 | D:4      | Killed an ogre
  3689 | D:4      | Reached XP level 7. HP: 47/55 MP: 7/7
  4197 | D:5      | Entered Level 5 of the Dungeon
  4235 | D:5      | Reached skill level 5 in Armour
  4354 | D:5      | Reached skill level 5 in Fighting
  4585 | D:5      | Reached * piety under Cheibriados
  4585 | D:5      | Reached XP level 8. HP: 62/62 MP: 8/8
  4906 | D:6      | Found Riulom's Distillery.
  5470 | D:6      | Reached skill level 5 in Axes
  5470 | D:6      | Reached skill level 6 in Armour
  5475 | D:6      | Bought a potion of heal wounds for 60 gold pieces
  5475 | D:6      | Bought a potion of heal wounds for 60 gold pieces
  5475 | D:6      | Bought 2 potions of mutation for 192 gold pieces
  5475 | D:6      | Bought a potion of mutation for 96 gold pieces
  5496 | D:6      | Found a shimmering blue altar of Sif Muna.
  5508 | D:6      | Reached XP level 9. HP: 63/69 MP: 9/9
  5621 | D:6      | Found an iron altar of Okawaru.
  5698 | D:6      | Reached ** piety under Cheibriados
  6583 | D:7      | Found a stormy altar of Qazlal.
  6760 | D:8      | Found a staircase to the Lair.
  6880 | D:8      | Noticed Maggie
  6907 | D:8      | Killed Maggie
  6907 | D:8      | Reached *** piety under Cheibriados
  6907 | D:8      | Reached skill level 7 in Armour
  6907 | D:8      | Reached skill level 5 in Dodging
  6918 | D:8      | Reached XP level 10. HP: 61/79 MP: 10/10
  6973 | D:8      | Noticed a green ugly thing
  7031 | D:8      | Found a transporter.
  7037 | D:8      | Noticed a toenail golem
  7067 | D:8      | Found a transporter.
  7069 | D:8      | Found a one-way gate to the infinite horrors of the Abyss.
  7069 | D:8      | Noticed grandjackal's ghost (novice DsGl)
  7105 | D:8      | Noticed Maurice
  7127 | D:8      | Killed Maurice
  7463 | D:8      | Found an ancient bone altar of Kikubaaqudgha.
  7767 | D:9      | Reached **** piety under Cheibriados
  8067 | D:9      | Noticed Joseph
  8074 | D:9      | Reached skill level 8 in Armour
  8085 | D:9      | Killed Joseph
  8128 | D:9      | Noticed a gargoyle
  8142 | D:9      | Killed a gargoyle
  8142 | D:9      | Reached skill level 1 in Invocations
  8142 | D:9      | Reached XP level 11. HP: 70/86 MP: 11/11
  8733 | D:10     | Entered Level 10 of the Dungeon
  8737 | D:10     | Noticed Harold
  8756 | D:10     | Killed Harold
  8768 | D:10     | Reached ***** piety under Cheibriados
  8900 | D:10     | Reached skill level 9 in Armour
  8942 | D:10     | Found a roughly hewn altar of Beogh.
  8943 | D:10     | Found a staircase to the Orcish Mines.
  9264 | D:10     | Noticed a centaur warrior
  9280 | D:10     | Killed a centaur warrior
  9665 | D:10     | Reached ****** piety under Cheibriados
  9673 | D:10     | Found a roughly hewn altar of Beogh.
 10113 | D:11     | Reached skill level 10 in Armour
 10113 | D:11     | Reached skill level 5 in Invocations
 10113 | D:11     | Reached XP level 12. HP: 83/96 MP: 15/15
 10172 | D:11     | Noticed a two-headed ogre
 10176 | D:11     | Killed a two-headed ogre
 10242 | D:11     | Noticed a boulder beetle
 10309 | D:11     | Killed a boulder beetle
 10441 | D:11     | Noticed an eight-headed hydra
 10455 | D:11     | Killed a nine-headed hydra
 10455 | D:11     | Reached skill level 10 in Fighting
 10838 | D:11     | Reached skill level 11 in Armour
 11719 | D:12     | Noticed a boulder beetle
 11731 | D:12     | Killed a boulder beetle
 11935 | D:13     | Noticed a tengu warrior
 11937 | D:13     | Noticed a tengu warrior
 11952 | D:13     | Killed a tengu warrior
 11952 | D:13     | Reached XP level 13. HP: 65/104 MP: 18/18
 11977 | D:13     | Reached skill level 12 in Armour
 12223 | D:13     | Found a portal to a secret trove of treasure.
 12282 | D:13     | Noticed a centaur warrior
 12282 | D:13     | Noticed a centaur warrior
 12291 | D:13     | Killed a centaur warrior
 12293 | D:13     | Killed a centaur warrior
 12382 | D:13     | Noticed Urug
 12394 | D:13     | Killed Urug
 12394 | D:13     | Reached skill level 10 in Axes
 12458 | D:13     | Noticed a centaur warrior
 12465 | D:13     | Noticed a centaur warrior
 12467 | D:13     | Killed a centaur warrior
 12477 | D:13     | Killed a centaur warrior
 12914 | D:14     | Reached skill level 13 in Armour
 13208 | D:14     | Noticed a vault guard
 13209 | D:14     | Noticed a vault guard
 13214 | D:14     | Noticed a centaur warrior
 13225 | D:14     | Killed a centaur warrior
 13229 | D:14     | Killed a vault guard
 13230 | D:14     | HP: 3/106 [vault guard/+0 bardiche (11)]
 13240 | D:14     | Killed a vault guard
 13352 | D:14     | Found a gate to the Vaults.
 13625 | D:15     | Entered Level 15 of the Dungeon
 13626 | D:15     | Found a runed translucent door.
 13635 | D:15     | Noticed a centaur warrior
 13662 | D:15     | Killed a centaur warrior
 13662 | D:15     | Reached XP level 14. HP: 108/113 MP: 19/21
 13761 | D:15     | Got a twitching platinum ring
 13764 | D:15     | Identified the Papyrus of Earthen Transmigration
 13965 | D:15     | Reached skill level 14 in Armour
 13977 | D:15     | Reached skill level 10 in Dodging
 13977 | D:15     | Reached skill level 10 in Invocations
 14179 | D:15     | Killed from afar by a deep elf mage

Illustrated notes

Levels and vault maps discovered:
D:1:      dpeg_arrival_stone_temple_mockup, layout_basic
D:2:      minmay_wonky_spiral, layout_basic, regret_index_temple_of_mockery,
          lemuel_crystal_altar, old_standard_altar, minmay_misc_feat_plants
D:3:      layout_basic
D:4:      layout_basic, minmay_temple_entry_overgrown, corexii_leaking_fountain
D:5:      layout_cave_pools
D:6:      kb_forest_paths, layout_basic, led_sif_book,
          kennysheep_okawaru_gauntlet, serial_shops, shop_fountains
D:7:      layout_loops_ring, lemuel_doored_altar, roderic_roman_lattice
D:8:      layout_rooms, kiku_gazebo_pond_becter, dpeg_oklobed_lair,
          gammafunk_ghost_abyssal_escape, uniq_maggie, uniq_maurice
D:9:      layout_layer_cave, uniq_joseph
D:10:     layout_loops_cross, david_orc_5, special_room [special_room_orc],
          serial_ice, serial_ice_m, serial_ice_l, serial_ice_b, serial_ice_g,
          minmay_checkerbox, uniq_harold
D:11:     layout_roguey, minmay_fractal_squares_diagonal_5
D:12:     layout_small_grid
D:13:     layout_long_grid, nicolae_trove_entry_crystal, uniq_urug
D:14:     layout_irregular_city, ximxim_vaults_locker_room, nrook_mini_vaults
D:15:     gammafunk_enter_depths_forms, layout_stronghold,
          minmay_misc_feat_secret_circle, minmay_st_funbox, uniq_kirke
Temple:   zaba_magenta_temple

Skill      XL: |  1  2  3  4  5  6  7  8  9 10 11 12 13 14 |
---------------+-------------------------------------------+-----
Shields        | 4 5 6 7 9 |  9.0
Dodging        | 1 2 3 4 5 6 7 8 9 10 | 10.1
Fighting       | 4 5 7 8 9 10 11 12 | 12.1
Armour         | 4 5 6 7 8 10 11 13 14 | 14.5
Axes           | 3 4 5 6 7 8 9 10 11 | 11.2
Invocations    | 1 5 7 9 10 | 10.2

Action                   |  1- 3 |  4- 6 |  7- 9 | 10-12 | 13-15 || total
-------------------------+-------+-------+-------+-------+-------++-------
Melee: War axe           |    80 |   208 |   269 |   678 |   318 ||  1553
Invok: Slouch            |       |       |       |     5 |     6 ||    11
 Abil: Stop Flying       |       |       |       |     1 |       ||     1
  Use: Scroll            |     5 |     5 |     7 |     4 |     2 ||    23
       Potion            |       |       |       |     5 |     5 ||    10
 Stab: Sleeping          |       |       |       |     1 |       ||     1
       Distracted        |       |       |       |     1 |       ||     1
Armor: Scale mail        |    38 |    98 |    67 |   146 |    82 ||   431
       Skin              |       |       |       |     5 |       ||     5
Dodge: Dodged            |    30 |    96 |   146 |   465 |   246 ||   983
       Repelled          |       |       |     1 |     8 |     1 ||    10
Block: Kite shield       |    46 |   142 |   182 |   619 |   306 ||  1295

Table legend: (Time is in decaauts)
 A = Elapsed time spent in this place.
 B = Non-inter-level travel time spent in this place.
 C = Inter-level travel time spent in this place.
 D = Time resting spent in this place.
 E = Time spent auto-exploring this place.
 F = Levels seen in this place.
 G = Mean time per level.
                   A        B        C        D        E       F      G
               +--------+--------+--------+--------+--------+-----+--------+
         Total |  18930 |  18151 |    779 |   1084 |  13401 |  16 | 1183.1 |
       Dungeon |  18848 |  18069 |    779 |   1084 |  13344 |  15 | 1256.5 |
        Temple |     82 |     82 |      0 |      0 |     57 |   1 |   82.0 |
               +--------+--------+--------+--------+--------+-----+--------+

Top non-repeatable levels by time:
    D:10: 1951 daAuts
     D:9: 1601 daAuts
    D:13: 1494 daAuts
    D:11: 1464 daAuts
     D:3: 1450 daAuts
     D:6: 1433 daAuts
     D:8: 1384 daAuts
    D:14: 1364 daAuts
    D:12: 1242 daAuts
     D:7: 1068 daAuts
     D:1: 1066 daAuts
     D:2: 928 daAuts
     D:4: 914 daAuts
     D:5: 810 daAuts
    D:15: 674 daAuts
